 Dungeon Crawl Stone Soup version 0.29.1-15-g9cfb28693d (webtiles) character file.

Game seed: 6043373914957133777

14 safid the Chiller (level 2, 0/21 HPs)
             Began as a Merfolk Ice Elementalist on Mar 27, 2023.
             Succumbed to an adder's poison
             ... on level 1 of the Dungeon.
             The game lasted 00:02:35 (715 turns).

safid the Chiller (Merfolk Ice Elementalist)         Turns: 715, Time: 00:02:36

Health: 0/21       AC:  2    Str:  8    XL:     2   Next: 41%
Magic:  1/5        EV: 12    Int: 14    God:
Gold:   75         SH:  0    Dex: 14    Spells: 4/5 levels left

rFire   . . .      SeeInvis .   (no weapon)
rCold   . . .      Faith    .   (no shield)
rNeg    . . .      Spirit   .   a - +0 robe
rPois   .          Reflect  .   (no helmet)
rElec   .          Harm     .   (no cloak)
rCorr   .          Rampage  .   (no gloves)
Will    .....                   (no boots)
Stlth   ++........              (no amulet)
HPRegen 0.07/turn               (no ring)
MPRegen 0.09/turn               (no ring)

@: mighty, lethally poisoned (0 -> -5)
A: (nimble swimmer 2), mertail
a: no special abilities


You were on level 1 of the Dungeon.
You visited 1 branch of the dungeon, and saw 2 of its levels.

You collected 75 gold pieces.

Inventory:

Armour
 a - a +0 robe (worn)
Scrolls
 c - a scroll of teleportation {unknown}
 d - a scroll of blinking {unknown}
 f - a scroll of magic mapping {unknown}
 g - 2 scrolls of enchant armour {unknown}
 j - a scroll of immolation {unknown}
 k - a scroll of identify {unknown}
Potions
 b - 2 potions of magic
 e - a potion of degeneration {unknown}
 h - a potion of resistance {unknown}
 i - a potion of brilliance {unknown}
 l - a potion of flight {unknown}
 m - a potion of might


   Skills:
 + Level 1.1 Fighting
 - Level 2.6 Dodging
 - Level 2.1 Stealth
 + Level 2.3 Spellcasting
 + Level 4.6 Ice Magic


You had 4 spell levels left.
You knew the following spells:

 Your Spells              Type           Power      Damage    Failure   Level
a - Freeze                Ice            56%        1d7       3%          1

Your spell library contained the following spells:

 Spells                   Type           Power      Damage    Failure   Level
 Frozen Ramparts          Ice            28%        1d5       11%         3
 Ozocubu's Armour         Ice            14%        N/A       11%         3
 Static Discharge         Conj/Air       1%         3-4/arc   34%         2
 Hailstorm                Conj/Ice       8%         3d4       65%         4
 Dispel Undead            Necr           1%         3d6       93%         4
 Sticky Flame             Conj/Fire      1%         2d3       93%         4


Dungeon Overview and Level Annotations

Branches:
Dungeon (2/15)

Altars:

Shops:
D:1 :

Annotations:
D:2 Jessica


Innate Abilities, Weirdness & Mutations

((You are very nimble when in or above water. (Stealth+, EV+, Speed+++)))
Your lower body shifts to a powerful aquatic tail in water.


Message History

You kill the kobold!
You hear an angry hiss.
Jessica barely misses you.
A ball python comes into view.
A giant cockroach comes into view.
Jessica attacks as you move away! Jessica hits you but does no damage.
The adder bites you but does no damage.
A giant cockroach comes into view.
Things that are here:
a +0 dagger; a stone; a kobold corpse The adder attacks as you move away!
The adder bites you.
You are poisoned.
The adder poisons you!
You feel sick. The giant cockroach barely misses you.
The adder barely misses you.
There is a stone staircase leading up here.
Unknown command.
Unknown command.
You feel sick. The giant cockroach closely misses you.
The adder bites you but does no damage.
You climb upwards.
You feel sick.
You are no longer poisoned.
Your magical contamination has completely faded away.
There is a stone staircase leading down here.
Unknown command.
Okay, then.
Casting: Freeze (safe; 3% risk of failure)
Confirm with . or Enter, or press ? or * to list all spells.
Aiming: Freeze (safe; 3% risk of failure)
Press: ? - help, Shift-Dir - straight line, f - adder
Aim: an adder You freeze the adder.
The adder is moderately wounded.
The adder seems to slow down.
The giant cockroach misses you. The adder bites you.
* * * LOW HITPOINT WARNING * * *
You are lethally poisoned!
The adder poisons you!
Unknown command.
It was a potion of might.
You feel very mighty all of a sudden.
You die...

+........#.#######.#
#...##.###.# #.#
.....#.#...# #.#
.....#.#.#########.#
.....#.#.........#.#
.....#.#######.#.#.#
.....#.#.........#.#
.....#.#.#.......#.#
.........÷......@#.#
..####.##......BS#.#
..# #...........#.#
..#######....≈≈≈...#
......# #...~≈≈≈≈###
#####.# ###...∩≈≈#
#####.### #.~≈~≈≈#
........# #.#≈≈≈.#
.....†..# #.#....#


You could see an adder (slow) and a giant cockroach.

Vanquished Creatures
  3 bats (D:1)
  2 hobgoblins (D:1)
  A quokka (D:1)
  3 ball pythons (D:1)
  A kobold (D:2)
  4 rats
14 creatures vanquished.

Notes
Turn   | Place    | Note
-------+----------+-------------------------------------------
     0 | D:1      | safid the Merfolk Ice Elementalist began the quest for the
                  | Orb.
     0 | D:1      | Reached XP level 1. HP: 13/13 MP: 3/3
   267 | D:1      | Reached XP level 2. HP: 20/20 MP: 3/5
   397 | D:1      | Reached skill level 1 in Fighting
   438 | D:1      | Found Oqinkuol's Book Emporium.
   704 | D:2      | Noticed Jessica
   715 | D:1      | Succumbed to an adder's poison

Illustrated notes

Levels and vault maps discovered:
D:1:      onia_arrival_handbag, layout_basic, serial_shops,
          nicolae_shop_waterfront
D:2:      layout_rooms, ebering_ecumenical_altar_mist, serial_aquarium,
          aquarium_bridge_square [aquarium_subvault_bridge,
          aquarium_subvault_bridge, aquarium_subvault_wall,
          aquarium_subvault_bridge], aquarium_bridge_island_small
          [aquarium_subvault_small_water, aquarium_subvault_wall,
          aquarium_subvault_wall, aquarium_subvault_bridge,
          aquarium_subvault_bridge], aquarium_window_1, aquarium_window_fake,
          aquarium_window_1, aquarium_window_1, aquarium_view_2a,
          aquarium_view_2a, aquarium_balcony_1b, aquarium_pool_corner,
          minmay_misc_feat_cross, uniq_jessica

Skill      XL: |  1  2 |
---------------+-------+-----
Fighting       | 1 |  1.1
Dodging        | |  2.6
Stealth        | |  2.1
Spellcasting   | |  2.3
Ice Magic      | |  4.6

Action                   || total
-------------------------++-------
Melee: Unarmed           ||     2
 Cast: Freeze            ||    20
  Use: Potion            ||     1
Armor: Robe              ||     9
Dodge: Dodged            ||    15
